 Dungeon Crawl Stone Soup version 0.27.1-33-g824d729ab1 (webtiles) character file.

Game seed: 2020336480495936162

249 unlimited1921 the Firebug (level 6, -18/55 HPs)
             Began as an Ogre Fire Elementalist on Dec 3, 2021.
             Killed from afar by Pikel (25 damage)
             ... with an iceblast
             ... on level 4 of the Dungeon.
             The game lasted 00:18:57 (8510 turns).

unlimited1921 the Firebug (Ogre Fire Elementalist)  Turns: 8510, Time: 00:19:01

Health: -18/55     AC:  3    Str: 15    XL:     6   Next: 12%
Magic:  8/11       EV: 10    Int: 16    God:
Gold:   159        SH:  0    Dex:  9    Spells: 10/11 levels left

rFire    . . .     SeeInvis .   k - +2 falchion (drain)
rCold    . . .     Faith    .   (no shield)
rNeg     + . .     Spirit   .   a - +0 robe
rPois    .         Reflect  .   (helmet restricted)
rElec    .         Harm     .   (no cloak)
rCorr    .         Rampage  .   (gloves unavailable)
Will     .....                  (boots unavailable)
Stlth    ++........             (no amulet)
HPRegen  0.18/turn              n - ring of positive energy
MPRegen  0.12/turn              (no ring)

@: no status effects
A: large, unfitting armour, tough skin 1
a: no special abilities


You were on level 4 of the Dungeon.
You visited 1 branch of the dungeon, and saw 5 of its levels.

You collected 159 gold pieces.

Inventory:

Hand Weapons
 d - a +0 mace
 e - a +0 dagger
 f - a +0 short sword
 k - a +2 falchion of draining (weapon)
 p - a +0 whip
 t - a +2 hand axe of flaming
 v - a +0 flail
Missiles
 o - 17 arrows
 q - 11 poisoned darts (quivered)
 u - 2 boomerangs
 x - 20 bolts
Armour
 a - a +0 robe (worn)
Jewellery
 n - a ring of positive energy (left hand)
Scrolls
 b - a scroll of fear {unknown}
 j - a scroll of enchant armour
 m - a scroll of torment
 s - a scroll of vulnerability
 w - a scroll of acquirement {unknown}
Potions
 c - a potion of resistance {unknown}
 g - 3 potions of curing {unknown}
 h - a potion of attraction {unknown}
 i - a potion of mutation {unknown}
 r - a potion of heal wounds {unknown}


   Skills:
 * Level 1.2 Fighting
 - Level 1.7 Short Blades
 * Level 2.0 Dodging
 + Level 1.7 Stealth
 + Level 3.4 Spellcasting
 - Level 2.5 Conjurations
 + Level 4.1 Fire Magic


You had 10 spell levels left.
You knew the following spells:

 Your Spells              Type           Power      Damage    Failure   Level
a - Foxfire               Conj/Fire      52%        2x1d6     4%          1

Your spell library contained the following spells:

 Spells                   Type           Power      Damage    Failure   Level
 Conjure Flame            Conj/Fire      13%        6-21      14%         3
 Inner Flame              Hex/Fire       9%         N/A       22%         3
 Sticky Flame             Conj/Fire      13%        2d4       41%         4
 Fireball                 Conj/Fire      6%         3d5       77%         5


Dungeon Overview and Level Annotations

Branches:
Dungeon (5/15)
 Temple: D:4-7

Altars:
Dithmenos

Shops:
D:4 :   D:5 !

Annotations:
D:4 Pikel


Innate Abilities, Weirdness & Mutations

You are too large for most types of armour.
You have tough skin. (AC +1)


Message History

The foxfire hits Pikel but does no damage.
Pikel is lightly wounded.
Casting: Foxfire (safe; 4% risk of failure)
Confirm with . or Enter, or press ? or * to list all spells.
You conjure some foxfire!
Pikel hits you with a +2 whip of freezing.
Pikel freezes you.
* * * LOW HITPOINT WARNING * * *
The foxfire hits Pikel.
Pikel is moderately wounded.
The foxfire hits Pikel but does no damage.
Pikel is moderately wounded.
Throw: 15 darts (poison)
Press: ? - help, Q - select action, (/) - cycle Shift-Dir - straight line, f - Pikel
Aim: Pikel, wielding a +2 whip of freezing, wearing a +0 robe and carrying a wand of iceblast (2) (moderately wounded, 43% to hit)
You throw a poisoned dart. The poisoned dart hits Pikel.
Pikel is moderately wounded.
Pikel hits you with a +2 whip of freezing!
* * * LOW HITPOINT WARNING * * *
Pikel freezes you.
* * * LOW HITPOINT WARNING * * *
Blink to where?
Press: ? - help, Dir - move target, p - Pikel
As you read the scroll of blinking, it crumbles to dust.
Throw: 14 darts (poison)
Press: ? - help, Q - select action, (/) - cycle Shift-Dir - straight line, f - Pikel
Aim: Pikel, wielding a +2 whip of freezing, wearing a +0 robe and carrying a wand of iceblast (2) (translocational energy, moderately wounded, 43% to hit)
You throw a poisoned dart. The poisoned dart hits Pikel.
Pikel is moderately wounded.
Unknown command.
Throw: 13 darts (poison)
Press: ? - help, Q - select action, (/) - cycle Shift-Dir - straight line, f/p - Pikel
Aim: Pikel, wielding a +2 whip of freezing, wearing a +0 robe and carrying a wand of iceblast (2) (moderately wounded, 43% to hit)
You throw a poisoned dart. The poisoned dart closely misses Pikel.
Throw: 12 darts (poison)
Press: ? - help, Q - select action, (/) - cycle Shift-Dir - straight line, f/p - Pikel
Aim: Pikel, wielding a +2 whip of freezing, wearing a +0 robe and carrying a wand of iceblast (2) (moderately wounded, 43% to hit)
You throw a poisoned dart. The poisoned dart closely misses Pikel.
Pikel zaps a wand.
The mass of ice explodes!
The iceblast engulfs you!!
You die...

#.#.....................#####....
#.##)...#......(.........###..###
#...[...#######K..#######.#.#.# #
...##.#.# #...# ##.##.# #
##.##...# #...# ####.# #
##.###..# #...# #)###
........##### #...# #######....
#.####......# #...# #.......###
#.# #..###.# ##@## #.#####.###
#.####..###.####.######.#####....
........#..................##.##.
#.#####.#.#..##.#######.##.##.###
.)# #.#.#..##.## #.##.##.... ###
#..........# #.......###
###.#####..# ###...### #........#
#.......# #####.######.#
##.......#


You could see Pikel.

Vanquished Creatures
  A bullfrog zombie (D:4)
  A bullfrog skeleton (D:4)
  An orc wizard (D:4)
  A hound skeleton (D:4)
  5 adders
  3 gnolls (D:4)
  A worm (D:2)
  3 dart slugs
  6 orcs
  5 endoplasms
  A giant cockroach (D:4)
  5 goblins
  3 hobgoblins
  2 jackals (D:1)
  8 kobolds
  3 quokkas
  4 ball pythons
  6 bats
  6 frilled lizards
  4 rats
69 creatures vanquished.

Vanquished Creatures (others)
  298 foxfires
298 creatures vanquished.

Grand Total: 367 creatures vanquished

Notes
Turn   | Place    | Note
-------+----------+-------------------------------------------
     0 | D:1      | unlimited1921 the Ogre Fire Elementalist began the quest
                  | for the Orb.
     0 | D:1      | Reached XP level 1. HP: 16/16 MP: 3/3
    35 | D:1      | Reached skill level 1 in Conjurations
   187 | D:1      | Found a faded altar of an unknown god.
   256 | D:1      | Reached skill level 3 in Fire Magic
   256 | D:1      | Reached XP level 2. HP: 24/24 MP: 0/5
  1512 | D:1      | Reached XP level 3. HP: 31/31 MP: 2/7
  3923 | D:2      | Reached skill level 1 in Fighting
  4128 | D:2      | Reached XP level 4. HP: 41/41 MP: 5/8
  5698 | D:3      | Reached skill level 1 in Short Blades
  6298 | D:3      | Found a shadowy altar of Dithmenos.
  6568 | D:4      | Reached XP level 5. HP: 44/48 MP: 4/9
  7147 | D:4      | Reached skill level 4 in Fire Magic
  7433 | D:4      | Found Pataist's Book Boutique.
  7617 | D:4      | Reached XP level 6. HP: 54/55 MP: 6/11
  7757 | D:5      | Entered Level 5 of the Dungeon
  7757 | D:5      | Noticed Pikel
  7757 | D:5      | Noticed a necrophage
  7757 | D:5      | Found Cegy's Distillery.
  7790 | D:4      | HP: 2/55 [Pikel/iceblast (9)]
  8510 | D:4      | Killed from afar by Pikel

Illustrated notes

Levels and vault maps discovered:
D:1:      heliophobic_arrival_enchanted_forest, layout_basic,
          hellmonk_ecumenical_altar_pennies_from_heaven, minmay_tromino_i2
D:2:      layout_basic
D:3:      layout_basic, grunt_dithmenos_smoke_and_mirrors
D:4:      layout_loops_cross, serial_shops, shop, palyth_stone_intersect
D:5:      layout_cave_pools, makhleb_heckhound_becter,
          cheibrodos_sewer_entry_drain, serial_shops, nicolae_shop_stone,
          uniq_pikel, uniq_crazy_yiuf_cottage

Skill      XL: |  1  2  3  4  5 |
---------------+----------------+-----
Conjurations   | 1 2 |  2.5
Fire Magic     | 3 4 |  4.1
Dodging        | 2 |  2.0
Fighting       | 1 |  1.2
Spellcasting   | 3 |  3.4
Short Blades   | 1 |  1.7
Stealth        | |  1.7

Action                   |  1- 3 |  4- 6 || total
-------------------------+-------+-------++-------
Melee: Short sword       |     8 |    11 ||    19
       Dagger            |     1 |       ||     1
       Hand axe          |       |     5 ||     5
       Falchion          |       |     2 ||     2
Throw: Dart              |       |     4 ||     4
 Cast: Foxfire           |    90 |    95 ||   185
  Use: Scroll            |       |     7 ||     7
Armor: Robe              |     7 |     3 ||    10
Dodge: Dodged            |    12 |    22 ||    34
